Map: Solaris LE

Players

rabe - Winner!

  • Race: Zerg Zerg
  • League: Diamond
  • Spawn Location: 7:00

Spektr

  • Race: Terran Terran
  • Spawn Location: 1:00

VOD

Have the link to the VOD?

Description

Time

  • Played on: Nov. 14, 2023, 9:25 p.m.
  • Length: 10:40
Show
View Real Time Build Order
Export as new Build Order

rabe Zerg - Winner!

Build Orders: Pool First 

Get SALT Encoding   

  12  0:01  Drone  
  13  0:08  Drone  
  14  0:26  Spawning Pool  
  13  0:29  Drone  
  14  0:38  Extractor, Drone  
  14  0:39  Extractor  
  14  0:42  Drone  
  14  0:47  Overlord  
  16  1:13  Zergling x6  
  19  1:24  Drone  
  20  1:26  Hatchery  
  19  1:36  Drone  
  20  1:41  Extractor  
  20  1:45  Drone  
  20  1:56  Drone  
  21  2:03  Hatchery  
  20  2:16  Drone  
  20  2:19  Drone  
  19  2:31  Drone, Queen  
  22  2:41  Drone  
  22  2:42  Drone  
  22  2:43  Queen  
  26  2:49  Drone  
  26  2:50  Drone, Extractor  
  27  2:59  Overlord  
  27  3:01  Overlord  
  27  3:08  Lair  
  27  3:10  Drone  
  28  3:15  Drone  
  28  3:16  Drone  
  30  3:20  Queen  
  32  3:30  Metabolic Boost  
  32  3:32  Drone  
  32  3:33  Drone  
  34  3:34  Drone  
  34  3:37  Drone  
  34  3:40  Drone  
  37  3:43  Drone  
  37  3:46  Drone  
  40  3:48  Drone  
  40  3:51  Drone  
  40  3:52  Drone  
  42  3:59  Drone x2  
  42  4:00  Drone  
  45  4:13  Spire  
  45  4:15  Overlord x2  
  44  4:17  Zergling x2  
  44  4:18  Zergling x2  
  44  4:19  Zergling x2  
  44  4:22  Zergling x2  
  44  4:23  Zergling x2  
  49  4:24  Zergling x2  
  49  4:29  Overlord  
  49  4:30  Overlord  
  50  4:34  Overlord  
  50  4:37  Extractor  
  49  4:39  Extractor  
  49  4:44  Drone  
  49  4:45  Drone x4  
  53  4:46  Drone  
  53  4:48  Drone  
  53  4:50  Drone  
  53  4:51  Drone  
  57  4:53  Drone  
  56  5:05  Drone x7  
  56  5:06  Drone  
  64  5:26  Mutalisk x3  
  64  5:27  Mutalisk x2  
  64  5:28  Drone x3  
  75  5:32  Extractor  
  75  5:33  Drone  
  75  5:34  Extractor  
  75  5:35  Drone  
  77  5:37  Drone  
  78  5:44  Drone  
  78  5:45  Drone  
  78  5:46  Drone  
  78  5:47  Drone, Roach Warren  
  81  5:51  Drone x2  
  81  5:54  Drone  
  81  5:55  Drone  
  81  5:56  Drone  
  87  5:57  Drone  
  87  6:03  Drone x2  
  89  6:45  Overlord  
  89  7:03  Corruptor x4  
  89  7:05  Overlord x7  
  89  7:06  Overlord x4  
  97  7:23  Corruptor  
  97  7:24  Corruptor x6  
  109  7:44  Glial Reconstitution  
  109  7:51  Evolution Chamber x3  
  106  7:54  Infestation Pit  
  106  7:57  Roach x10  
  125  8:00  Overseer  
  125  8:01  Overseer x3  
  123  8:30  Mutalisk x10  
  143  8:36  Roach  
  145  8:41  Hive  
  145  8:55  Roach x6  
  157  9:03  Hatchery  
  157  9:08  Hatchery  
  157  9:09  Hatchery  
  154  9:18  Zergling x16, Hatchery  
  154  9:23  Baneling Nest  
  160  9:28  Zergling x6  
  151  10:20  Zergling x2  
  151  10:21  Zergling x38  
Show
View Real Time Build Order
Export as new Build Order

Spektr Terran 

Build Orders: Command Center First 

Get SALT Encoding   

  12  0:00  SCV  
  13  0:12  SCV  
  14  0:17  Supply Depot  
  14  0:25  SCV  
  15  0:38  SCV  
  16  1:01  Command Center, SCV  
  17  1:06  Refinery  
  17  1:11  Refinery  
  17  1:14  SCV  
  18  1:30  Barracks  
  18  1:31  SCV  
  19  1:43  SCV  
  20  1:55  SCV  
  21  2:07  SCV  
  15  2:31  Engineering Bay  
  15  2:39  SCV x2  
  17  2:56  Orbital Command  
  17  3:03  SCV  
  18  3:15  Planetary Fortress  
  18  3:19  Factory  
  18  3:23  SCV  
  19  3:35  SCV  
  20  3:47  SCV  
  21  3:52  SCV  
  22  3:59  SCV  
  23  4:04  SCV  
  23  4:08  Command Center  
  24  4:11  SCV  
  24  4:17  SCV  
  26  4:20  Starport  
  26  4:23  SCV  
  27  4:29  SCV  
  28  4:35  SCV  
  28  4:38  Supply Depot  
  29  4:41  SCV  
  29  4:43  Refinery  
  30  4:49  SCV  
  31  4:53  SCV  
  32  5:01  Fusion Core  
  32  5:03  Starport Tech Lab  
  33  5:07  SCV  
  33  5:14  Refinery  
  33  5:19  Orbital Command, SCV  
  34  5:23  Cyclone  
  36  5:31  SCV  
  37  5:43  SCV  
  37  5:46  SCV  
  37  5:48  Battlecruiser  
  37  5:49  Weapon Refit  
  45  5:55  SCV  
  46  5:58  SCV  
  47  6:07  SCV  
  47  6:09  Armory  
  47  6:10  SCV  
  48  6:19  SCV  
  48  6:22  SCV  
  46  6:25  Missile Turret  
  46  6:31  SCV  
  43  6:34  SCV  
  43  6:38  Missile Turret  
  43  6:39  Missile Turret  
  36  7:11  Battlecruiser  
  36  7:13  Terran Vehicle And Ship Armor Level 1  
  42  7:21  SCV x2  
  42  7:22  Factory Reactor  
  44  7:33  SCV x2  
  46  7:40  Missile Turret  
  46  7:45  SCV  
  46  7:48  Command Center  
  47  7:52  SCV  
  47  7:58  SCV  
  49  8:04  SCV  
  50  8:10  SCV  
  50  8:11  Supply Depot x2  
  51  8:17  Supply Depot, SCV  
  52  8:22  SCV  
  53  8:33  SCV  
  54  8:36  Missile Turret  
  54  8:44  Missile Turret  
  54  8:46  SCV x2  
  56  8:49  Liberator  
  59  8:57  Factory  
  59  8:58  Factory, SCV x2  
  59  9:00  Factory  
  61  9:11  SCV x2  
  63  9:34  Missile Turret x3  
  63  9:51  Supply Depot  
  63  9:52  SCV x2  
Tags
 
Add a new tag
Caveats
  • Supply blocks, unpowered buildings, or Contaminate may cause inaccurate times.
  • Supply counts are checked every 10 seconds.